 Dungeon Crawl Stone Soup version 0.24.0-2-g5b39cebb1c (webtiles) character file.

Game seed: 18145143850006513561, levelgen mode: deterministic

1430 Esekla the Chopper (level 8, 0/56 HPs)
             Began as an Octopode Abyssal Knight on Oct 30, 2019.
             Was a Priest of Lugonu.
             Slain by a black bear (9 damage)
             ... on level 6 of the Dungeon.
             The game lasted 00:30:48 (6037 turns).

Esekla the Chopper (Octopode Abyssal Knight)        Turns: 6037, Time: 00:30:49

Health: 0/56       AC:  1    Str: 11    XL:     8   Next: 73%
Magic:  18/18      EV: 15    Int: 16    God:    Lugonu [***...]
Gold:   231        SH:  0    Dex: 12    Spells: 7/7 levels left

rFire    + . .     SeeInvis .   f - +8 hand axe "Erphatu" {pain, *Rage rC+++ rN+++ MP+9}
rCold    + + +     Gourm    .   (no shield)
rNeg     + + +     Faith    .   (helmet restricted)
rPois    +         Spirit   .   (no amulet)
rElec    .         Reflect  .   c - ring of poison resistance
rCorr    .         Harm     .   d - ring of protection from fire
MR       +....     Rnd*Rage +   v - ring of flight
Stlth    ++++......             x - ring of protection from magic
HPRegen  0.18/turn              (no ring)
MPRegen  0.16/turn              (no ring)
                                (no ring)
                                (no ring)

@: no status effects
A: almost no armour, stealthy swim, amphibious, 8 rings, constrict 8, camouflage
1, gelatinous body 1
a: Depart the Abyss, Bend Space, Banish, Renounce Religion, Evoke Flight


You were on level 6 of the Dungeon.
You worshipped Lugonu.
Lugonu was most pleased with you.
You were not hungry.

You visited 1 branch of the dungeon, and saw 6 of its levels.
You visited the Abyss 1 time.
You also visited: Sewer.

You collected 231 gold pieces.

Inventory:

Hand Weapons
 a - a +2 falchion
 f - the +8 hand axe "Erphatu" (weapon) {pain, *Rage rC+++ rN+++ MP+9}
   (You found it on level 2 of the Abyss)

   In the hands of one skilled in necromantic magic, it inflicts extra damage on
   living creatures.
   It renders you almost immune to cold.
   It renders you almost immune to negative energy.
   It affects your magic capacity (+9).
   It may make you go berserk in combat.
 n - a +0 short sword
 s - a +0 hunting sling of freezing
Missiles
 m - 38 poisoned darts (quivered)
 y - 12 boomerangs
Jewellery
 c - a ring of poison resistance (left tentacle)
 d - a ring of protection from fire (right tentacle)
 v - a ring of flight (on tentacle)
 x - a ring of protection from magic (on tentacle)
Wands
 B - a wand of clouds (5)
Scrolls
 h - 4 scrolls of teleportation
 j - 2 scrolls of remove curse
 r - 3 scrolls of blinking
 t - 2 scrolls of fear
 u - a scroll of identify
 z - a scroll of enchant weapon
Potions
 e - a potion of haste
 g - 3 potions of curing
 i - a potion of invisibility {unknown}
 k - a potion of cancellation {unknown}
 l - a potion of might {unknown}
 o - 2 potions of heal wounds {unknown}
 p - a potion of magic {unknown}
 q - a potion of mutation {unknown}
 w - 2 potions of brilliance {unknown}
Comestibles
 b - 6 rations
 A - 2 chunks of flesh


   Skills:
 + Level 5.4 Fighting
 + Level 0.4(3.0) Short Blades
 * Level 4.7(4.8) Long Blades
 + Level 6.1 Axes
 + Level 4.1 Dodging
 + Level 5.5 Stealth
 + Level 2.2 Invocations


You had 7 spell levels left.
You didn't know any spells.
Your spell library contained the following spells:

 Spells                   Type           Power        Failure   Level  Hunger
 Ensorcelled Hibernation  Hex/Ice        #.....       36%         2    ###....
 Borgnjor's Vile Clutch   Necr/Erth      #.........   100%        5    ######.
 Silence                  Hex/Air        #.........   100%        5    ######.
 Darkness                 Hex            #.........   100%        6    #######
 Shadow Creatures         Summ           N/A          100%        6    #######


Dungeon Overview and Level Annotations

Branches:
Dungeon (6/15)             Temple (0/1) D:4           Sewer (visited)

Altars:
Cheibriados
Elyvilon
Gozag
Kikubaaqudgha
Qazlal
Ru
Uskayaw
Vehumet
Yredelemnul


Innate Abilities, Weirdness & Mutations

You cannot wear most types of armour.
You are very stealthy in the water. (Stealth+)
You are amphibious.
You can wear up to eight rings at the same time.
You can use your tentacles to constrict eight enemies at once.
Your skin changes colour to match your surroundings (Stealth+).
Your rubbery body absorbs attacks. (AC +1, EV +1)


Message History

The bullfrog skeleton is almost destroyed.
You constrict the bullfrog skeleton.
You destroy the bullfrog skeleton!
Lugonu accepts your kill.
A black bear comes into view.
The helpless black bear fails to defend itself.
You slash the black bear! Your grab misses the black bear.
The black bear is severely wounded.
The black bear bites you. The black bear claws you.
The black bear closely misses you.
You barely miss the black bear. You grab the black bear.
The black bear is severely wounded.
You constrict the black bear. The black bear bites you.
* * * LOW HITPOINT WARNING * * *
The black bear barely misses you. The black bear claws you.
* * * LOW HITPOINT WARNING * * *
You hit the black bear.
The black bear is almost dead.
You constrict the black bear. The black bear bites you!
You die...

.....##............#
.....#..............
...................
..................
###...............
#...[.............
#.#...............
#.#...............
#@##..............
#h###..>..##.....#
#.# ###.....##..##
..# #..>........ ###
#.....###...
#...........
#........###
#............
#h......#.....


You could see a black bear.

Vanquished Creatures
  Eustachio (D:6)
  A wyvern (D:6)
  Purgy (Sewer)
  An ice beast (D:5)
  A scorpion (D:6)
  4 crimson imps
  2 bullfrog skeletons
  3 hounds
  An orc priest (D:5)
  2 centaur skeletons (D:4)
  2 jellies
  Jessica (D:2)
  Terence (D:2)
  An iguana (D:4)
  2 orc wizards (D:5)
  6 worker ants
  6 adders
  3 shadow imps
  An ooze (D:1)
  An adder skeleton (D:5)
  6 worms
  4 dart slugs
  4 leopard geckos
  8 orcs
  8 bats
  16 giant cockroaches
  6 goblins
  4 hobgoblins
  4 jackals (D:6)
  3 quokkas
  5 ball pythons
  5 frilled lizards
  A jackal skeleton (D:4)
  7 kobolds
  4 rats
  A bush (D:1)
  2 plants (D:1)
129 creatures vanquished.

Notes
Turn   | Place    | Note
-------+----------+-------------------------------------------
     0 | Abyss:1  | Esekla the Octopode Abyssal Knight began the quest for the
                  | Orb.
     0 | Abyss:1  | Reached XP level 1. HP: 16/16 MP: 2/2
    26 | Abyss:1  | Noticed a small abomination
    33 | Abyss:1  | Noticed an ancient zyme
   120 | Abyss:2  | Noticed a large abomination
   130 | Abyss:2  | Noticed a starcursed mass
   143 | Abyss:2  | Noticed a sixfirhy
   159 | Abyss:2  | Noticed a smoke demon
   185 | Abyss:2  | Noticed an ancient zyme
   217 | Abyss:2  | Got a slimy hand axe
   239 | Abyss:2  | Noticed an ancient zyme
   242 | Abyss:2  | Noticed an eidolon
   265 | Abyss:2  | Noticed a starcursed mass
   276 | Abyss:2  | Noticed a thrashing horror
   277 | Abyss:2  | Noticed a thrashing horror
   282 | Abyss:2  | Noticed an earth elemental
   282 | Abyss:2  | Noticed an ogre
   292 | D:1      | Escaped the Abyss
   293 | D:1      | Identified the +8 hand axe "Erphatu" {pain, *Rage rC+++
                  | rN+++ MP+9} (You found it on level 2 of the Abyss)
   387 | D:1      | Reached XP level 2. HP: 21/21 MP: 3/3
   417 | D:1      | Reached * piety under Lugonu
   716 | D:2      | Reached skill level 1 in Axes
   716 | D:2      | Reached XP level 3. HP: 14/26 MP: 4/4
  1109 | D:2      | Noticed Terence
  1117 | D:2      | HP: 1/27 [Terence/+0 short sword (5)]
  1118 | D:2      | Killed Terence
  1118 | D:2      | Reached XP level 4. HP: 1/33 MP: 5/5
  1138 | D:2      | Found a stormy altar of Qazlal.
  1691 | D:1      | Reached ** piety under Lugonu
  1691 | D:1      | Reached skill level 2 in Axes
  1975 | D:2      | Found a white marble altar of Elyvilon.
  1976 | D:2      | Found a hide-covered altar of Uskayaw.
  1976 | D:2      | Found a sacrificial altar of Ru.
  2034 | D:2      | Noticed Jessica
  2039 | D:2      | Killed Jessica
  2039 | D:2      | Reached XP level 5. HP: 37/37 MP: 6/6
  2299 | D:3      | Found a snail-covered altar of Cheibriados.
  2300 | D:3      | Found an opulent altar of Gozag.
  2822 | D:3      | Found a basalt altar of Yredelemnul.
  3759 | D:4      | Reached skill level 1 in Stealth
  3865 | D:4      | Found a staircase to the Ecumenical Temple.
  3873 | D:4      | Reached skill level 3 in Axes
  3873 | D:4      | Reached XP level 6. HP: 25/43 MP: 7/7
  4353 | D:5      | Entered Level 5 of the Dungeon
  4400 | D:5      | Reached XP level 7. HP: 45/49 MP: 8/8
  4462 | D:5      | Found a glowing drain.
  4565 | Sewer    | Entered a sewer
  4744 | Sewer    | Noticed Purgy
  4752 | Sewer    | Killed Purgy
  4752 | Sewer    | Reached skill level 4 in Axes
  4972 | D:5      | Found an ancient bone altar of Kikubaaqudgha.
  5174 | D:5      | Reached *** piety under Lugonu
  5404 | D:5      | Reached skill level 5 in Fighting
  5404 | D:5      | Reached XP level 8. HP: 49/55 MP: 9/9
  5421 | D:5      | Reached skill level 5 in Axes
  5703 | D:6      | Found a radiant altar of Vehumet.
  5709 | D:6      | Noticed a wyvern
  5829 | D:6      | Noticed Eustachio
  5842 | D:6      | Killed Eustachio
  5888 | D:6      | Reached skill level 5 in Stealth
  5973 | D:6      | Killed a wyvern
  5973 | D:6      | Reached skill level 6 in Axes
  6037 | D:6      | Slain by a black bear

Levels and vault maps discovered:
D:1:      evilmike_arrival_crescent, layout_basic, serial_forest,
          infiniplex_forest_lined_corner, infiniplex_forest_clump_double,
          infiniplex_forest_corner_1, infiniplex_forest_end_3,
          infiniplex_forest_corner_1, infiniplex_forest_end_double,
          infiniplex_forest_end_1
D:2:      minmay_roachtagon, layout_loops_corners,
          chequers_temple_overflow_statue_of_worship, grunt_qazlal_sundering,
          uniq_jessica, uniq_terence
D:3:      layout_basic, nicolae_overflow_hidden_temple,
          gammafunk_temple_overflow_wave, wad_floor_pattern_untrapped
D:4:      layout_cave_pools, minmay_temple_entry_statues_fountains, hex_large
D:5:      layout_loops_cross, basic_altar, cheibrodos_sewer_entry_bend,
          first_ration, minmay_door_square, minmay_misc_feat_room,
          kennysheep_generic_room_13
D:6:      layout_rooms, overflow_temple_1_default, cheibrodos_ashenzari_chains,
          uniq_eustachio

Skill      XL: |  1  2  3  4  5  6  7  8 |
---------------+-------------------------+-----
Axes           | 1 2 3 4 6 |  6.1
Dodging        | 3 4 |  4.1
Fighting       | 4 5 |  5.4
Stealth        | 1 2 4 5 |  5.5
Long Blades    | 3 4 |  4.7
Short Blades   | |  0.4
Invocations    | |  2.2

Action                   |  1- 3 |  4- 6 |  7- 9 || total
-------------------------+-------+-------+-------++-------
Melee: Hand axe          |   112 |    97 |    95 ||   304
       Tentacles         |    27 |    15 |    18 ||    60
       Constrict         |    10 |    30 |    20 ||    60
       Dagger            |       |     9 |       ||     9
Throw: Dart              |     4 |       |       ||     4
Invok: Depart the Abyss  |     1 |       |       ||     1
  Use: Scroll            |       |    12 |       ||    12
 Stab: Sleeping          |     1 |     5 |     8 ||    14
  Eat: Chunk             |     1 |     9 |     3 ||    13
       Ration            |       |       |     1 ||     1
Armor: Skin              |     1 |    10 |     5 ||    16
Dodge: Dodged            |    20 |    67 |    57 ||   144
